 Dungeon Crawl Stone Soup version 0.29.1-12-g30fa7ad0bf (webtiles) character file.

Game seed: 15779533177650606612

94 sweetbreads the Digger (level 4, -1/24 HPs)
             Began as a Gargoyle Earth Elementalist on Dec 28, 2022.
             Slain by an orc
             ... wielding a +0 club
              (2 damage)
             ... on level 3 of the Dungeon.
             The game lasted 00:06:57 (1648 turns).

sweetbreads the Digger (GrEE)                       Turns: 1648, Time: 00:06:57

Health: -1/24      AC:  5    Str: 11    XL:     4   Next: 63%
Magic:  1/9        EV: 12    Int: 18    God:
Gold:   52         SH:  0    Dex: 10    Spells: 9/10 levels left

rFire   . . .      SeeInvis .   a - +0 club
rCold   . . .      Faith    .   (no shield)
rNeg    + . .      Spirit   .   m - +0 robe
rPois   ∞          Reflect  .   (no helmet)
rElec   +          Harm     .   (no cloak)
rCorr   .          Rampage  .   (no gloves)
Will    .....                   (no boots)
Stlth   ++........              (no amulet)
HPRegen 0.08/turn               (no ring)
MPRegen 0.11/turn               (no ring)

@: no status effects
A: sickness immunity, AC +3, negative energy resistance 1, electricity
resistance, torment resistance 1, petrification resistance
a: no special abilities


You were on level 3 of the Dungeon.
You visited 1 branch of the dungeon, and saw 3 of its levels.

You collected 52 gold pieces.

Inventory:

Hand Weapons
 a - a +0 club (weapon)
 k - a +0 mace
Armour
 m - a +0 robe (worn)
Jewellery
 j - a ring of positive energy
Scrolls
 e - a scroll of magic mapping {unknown}
 g - 2 scrolls of identify {unknown}
 h - 2 scrolls of vulnerability {unknown}
 l - a scroll of poison {unknown}
Potions
 b - a potion of magic
 c - 3 potions of curing {unknown}
 d - 3 potions of mutation {unknown}
 f - a potion of brilliance {unknown}
 i - a potion of heal wounds {unknown}
 n - a potion of flight {unknown}


   Skills:
 * Level 1.8 Dodging
 * Level 2.5 Stealth
 * Level 3.5 Spellcasting
 - Level 1.0 Transmutations
 + Level 4.5 Earth Magic


You had 9 spell levels left.
You knew the following spells:

 Your Spells              Type           Power      Damage    Failure   Level
a - Sandblast             Erth           38%        2d10      2%          1

Your spell library contained the following spells:

 Spells                   Type           Power      Damage    Failure   Level
 Passwall                 Tmut/Erth      10%        N/A       8%          2
 Necrotise                Necr           12%        1d4       16%         1
 Stone Arrow              Conj/Erth      22%        3d8       19%         3
 Vampiric Draining        Necr           3%         2d6       43%         3
 Petrify                  Tmut/Erth      13%        N/A       45%         4
 Olgreb's Toxic Radiance  Pois           3%         N/A       83%         4
 Agony                    Necr           3%         N/A       99%         5
 Malign Gateway           Summ/Tloc      1%         N/A       100%        7
 Ozocubu's Refrigeration  Ice            1%         4d7       100%        7
 Ignition                 Fire           1%         3d3       100%        8
 Summon Horrible Things   Summ           1%         N/A       100%        8


Dungeon Overview and Level Annotations

Branches:
Dungeon (3/15)

Altars:


Innate Abilities, Weirdness & Mutations

You are immune to sickness and miasma.
Your stone body is resilient. (AC +3)
You are immune to poison.
You resist negative energy. (rN+)
You are resistant to electric shocks. (rElec)
You are resistant to unholy torment.
You are immune to petrification.


Message History

The orc hits you with a +0 club.
Casting: Sandblast (safe; 2% risk of failure)
Confirm with . or Enter, or press ? or * to list all spells.
Aiming: Sandblast (safe; 2% risk of failure)
Press: ? - help, Shift-Dir - straight line, f - orc, p - orc
Aim: an orc, wielding a +0 club (82% to hit)
The blast of sand misses the orc.
The orc barely misses you. The orc hits you with a +0 club.
Unknown command.
Casting: Sandblast (safe; 2% risk of failure)
Confirm with . or Enter, or press ? or * to list all spells.
Aiming: Sandblast (safe; 2% risk of failure)
Press: ? - help, Shift-Dir - straight line, f/p - orc
Aim: an orc, wielding a +0 club (82% to hit)
The blast of sand hits the orc!
You kill the orc!
The orc hits you with a +0 club.
* * * LOW HITPOINT WARNING * * *
The orc closely misses you.
Casting: Sandblast (safe; 2% risk of failure)
Confirm with . or Enter, or press ? or * to list all spells.
Aiming: Sandblast (safe; 2% risk of failure)
Press: ? - help, Shift-Dir - straight line, f - orc
Aim: an orc, wielding a +0 club and wearing a +0 scale mail (84% to hit)
The blast of sand hits the orc.
The orc is lightly wounded.
The orc hits you with a +0 club.
* * * LOW HITPOINT WARNING * * *
Found a white potion.
The orc attacks as you move away! The orc hits you with a +0 club.
* * * LOW HITPOINT WARNING * * *
You see here 7 gold pieces.
Casting: Sandblast (safe; 2% risk of failure)
Confirm with . or Enter, or press ? or * to list all spells.
You don't have enough magic to cast this spell.
Unknown command.
The orc attacks as you move away! The orc closely misses you.
Found a book of Air.
The orc attacks as you move away! The orc hits you with a +0 club.
You die...

###...# #.....+ .... ...
...# .#.#...# ..... ..#
...# .#.+...+..........
....# .#.#...##.#...##.#
....#
...................... #
.................#..##.#
##............:........#
#.#..<.#.### #@#...###
##.#....#.######o.......
..............$....#.###
####....#)####.....#
#....#.# #.....#
#....#.. .!....#
######..........#
#............
#.........####


You could see an orc.

Vanquished Creatures
  An orc priest (D:3)
  3 adders
  A dart slug (D:1)
  3 orcs (D:3)
  6 ball pythons (D:1)
  2 endoplasms
  A giant cockroach (D:2)
  3 goblins
  2 hobgoblins (D:1)
  5 kobolds
  3 quokkas
  A bat (D:1)
  2 frilled lizards
  2 rats (D:1)
35 creatures vanquished.

Notes
Turn   | Place    | Note
-------+----------+-------------------------------------------
     0 | D:1      | sweetbreads the Gargoyle Earth Elementalist began the quest
                  | for the Orb.
     0 | D:1      | Reached XP level 1. HP: 10/10 MP: 3/3
   274 | D:1      | Reached XP level 2. HP: 15/15 MP: 1/5
   436 | D:1      | Reached skill level 1 in Transmutations
   437 | D:1      | Found a faded altar of an unknown god.
   472 | D:1      | Reached skill level 4 in Earth Magic
   632 | D:2      | Reached XP level 3. HP: 19/19 MP: 1/6
  1618 | D:3      | Reached XP level 4. HP: 24/24 MP: 6/8
  1644 | D:3      | HP: 1/24 [orc/+0 club (1)]
  1648 | D:3      | Slain by an orc

Illustrated notes

Levels and vault maps discovered:
D:1:      roderic_chinese_lattice_arrival, layout_basic,
          hellmonk_ecumenical_altar_prayer_group, serial_corexii_hall,
          corexii_hall_statues_i, corexii_hall_statues_x, minmay_tromino_v2
D:2:      layout_loops_corners, uniq_jessica
D:3:      layout_basic

Skill      XL: |  1  2  3 |
---------------+----------+-----
Transmutations | 1 |  1.0
Earth Magic    | 4 |  4.5
Spellcasting   | 3 |  3.5
Dodging        | |  1.8
Stealth        | |  2.5

Action                   |  1- 3 |  4- 6 || total
-------------------------+-------+-------++-------
Melee: Unarmed           |    12 |       ||    12
       Club              |     8 |       ||     8
 Cast: Sandblast         |    50 |     9 ||    59
Armor: Robe              |     8 |       ||     8
Dodge: Dodged            |    22 |     3 ||    25
